AoeStats
← 飞翔的圣光

Coastal Forest

510515530Analyzed
4v4 RM · 13h ago on Oct 1, 2026· 62m 20s· 8 players
Game mode
Random Map
Map size
Large (8 player)
Population
200
Speed
Normal
Resources
Standard
Victory
Conquest
Starting age
Dark Age
Ending age
Imperial Age
RankedLock teamsTeams togetherTeam positionsShared explorationLock speedFull tech treeHidden civsTurbo modeCheats
Victory
Defeat
🇰🇬 Huns · Kyrgyzstan
1171
+15
🇫🇷 Italians · France
1138
+16
🇪🇸 Bohemians · Spain
1104
+18
🇺🇸 Saracens · United States
1101
+18
🇨🇳 Italians · China
1201
-19
🇻🇳 Khmer · Vietnam
1134
-16
🇨🇳 Berbers · China
1132
-16
🇨🇳 Chinese · China
1118
-16
The Knight
10:49 Feudal Age
11:26 Double-Bit Axe
16:56 Castle Age
14:56 Loom
17:28 Stone Mining
18:29 Bow Saw
20:20 Horse Collar
25:45 Imperial Age
23:58 Gold Mining
25:10 Fletching
26:32 Padded Archer Armor
27:56 Fishing Lines
29:23 Conscription
30:07 Chemistry
30:23 Two-Man Saw
31:16 Wheelbarrow
33:39 Heavy Plow
35:15 Bodkin Arrow
35:35 Leather Archer Armor
36:37 Crossbowman
37:45 Town Watch
38:16 Hand Cart
39:39 Bracer
40:24 Elite Skirmisher
41:10 Thumb Ring
41:29 Arbalester
42:14 Thumb Ring
43:29 Caravan
44:37 Elite Genitour
46:37 Town Patrol
47:33 Capped Ram
49:29 Leather Archer Armor
49:15 Scale Mail Armor
49:26 Forging
49:23 Scale Barding Armor
51:08 Husbandry
50:29 Light Cavalry
51:28 Squires
52:49 Iron Casting
52:47 Ring Archer Armor
52:33 Bloodlines
53:18 Hussar
53:58 Pikeman
54:24 Arson
飞翔的圣光
0:28 Loom
11:28 Feudal Age
15:50 Castle Age
13:56 Horse Collar
14:32 Double-Bit Axe
21:06 Bow Saw
21:30 Heavy Plow
23:59 Gold Mining
24:21 Fletching
24:35 Scale Mail Armor
25:39 Wheelbarrow
24:49 Town Watch
24:57 Town Watch
26:51 Chain Mail Armor
26:48 Forging
27:15 Pikeman
27:55 Squires
29:38 Iron Casting
32:28 Imperial Age
29:56 Stone Mining
31:21 Gold Shaft Mining
31:22 Stone Shaft Mining
31:57 Stone Shaft Mining
34:00 Plate Mail Armor
34:32 Blast Furnace
32:54 Capped Ram
33:05 Halberdier
34:59 Elite Fire Lancer
36:31 Bodkin Arrow
36:36 Padded Archer Armor
36:13 Elite Skirmisher
37:19 Bracer
37:42 Conscription
37:25 Great Wall
41:07 Thumb Ring
41:20 Leather Archer Armor
41:10 Scale Barding Armor
41:28 Hand Cart
41:13 Town Patrol
43:43 Ring Archer Armor
43:34 Chain Barding Armor
46:06 Fortified Wall
46:16 Ballistics
45:53 Murder Holes
46:41 Siege Ram
49:05 Elite Chu Ko Nu
52:44 Plate Barding Armor
53:12 Chemistry
CNZS_carlar
6:43 Loom
9:17 Feudal Age
18:41 Double-Bit Axe
24:20 Castle Age
40:51 Imperial Age
39:48 Bloodlines
39:38 Husbandry
41:26 Wheelbarrow
41:23 Scale Barding Armor
41:30 Forging
41:03 Cavalier
43:06 Chain Barding Armor
48:24 Plate Barding Armor
48:07 Heavy Camel Rider
51:09 Light Cavalry
54:57 Hussar
KhmerEmpire9164
2:05 Loom
15:22 Feudal Age
18:52 Castle Age
16:38 Horse Collar
17:25 Double-Bit Axe
17:33 Stone Mining
18:08 Gold Mining
19:29 Wheelbarrow
21:30 Hand Cart
27:44 Bow Saw
32:18 Heavy Plow
32:31 Husbandry
32:42 Bloodlines
33:21 Town Watch
33:19 Light Cavalry
35:09 Scale Barding Armor
35:14 Forging
35:30 Fortified Wall
35:41 Ballistics
36:07 Gold Shaft Mining
36:33 Chain Barding Armor
37:28 Iron Casting
40:15 Imperial Age
37:57 Town Patrol
41:08 Double Crossbow
40:47 Hussar
42:15 Conscription
43:26 Plate Barding Armor
43:52 Blast Furnace
43:13 Elite Ballista Elephant
44:50 Siege Engineers
45:49 Chemistry
45:12 Caravan
Eagles
4:40 Loom
11:47 Feudal Age
17:27 Castle Age
21:35 Double-Bit Axe
23:32 Horse Collar
26:04 Heavy Plow
28:47 Gold Mining
28:50 Stone Mining
30:03 Wheelbarrow
30:55 Bloodlines
30:45 Husbandry
31:39 Scale Barding Armor
31:45 Forging
31:24 Fishing Lines
35:48 Imperial Age
35:17 Gold Shaft Mining
36:16 Chain Barding Armor
37:30 Iron Casting
38:43 Elite Mameluke
39:44 Conscription
41:09 Redemption
45:17 Chemistry
44:59 Plate Barding Armor
45:25 Blast Furnace
45:43 Hoardings
50:07 Light Cavalry
53:39 Elite Cannon Galleon
tretts
2:23 Loom
10:46 Feudal Age
15:08 Castle Age
13:00 Double-Bit Axe
13:49 Fletching
14:00 Padded Archer Armor
15:21 Forging
16:02 Loom
23:39 Wheelbarrow
23:02 Bodkin Arrow
25:05 Leather Archer Armor
27:39 Horse Collar
31:34 Imperial Age
30:19 Ballistics
30:10 Masonry
30:40 Gold Mining
33:26 Chemistry
32:40 Bracer
36:51 Ring Archer Armor
36:46 Crossbowman
37:32 Thumb Ring
37:44 Guilds
37:36 Arbalester
40:47 Elite Skirmisher
43:05 Caravan
46:20 Iron Casting
51:19 Elite Genoese Crossbowman
51:30 Light Cavalry
52:22 Bloodlines
52:15 Husbandry
54:40 Pirotechnia
54:55 Conscription
57:00 Bow Saw
59:47 Two-Man Saw
58:57 Scale Barding Armor
Te0n
8:20 Loom
11:12 Feudal Age
12:43 Double-Bit Axe
12:40 Horse Collar
13:26 Forging
14:29 Bloodlines
14:50 Scale Barding Armor
22:18 Castle Age
21:25 Gold Mining
24:02 Iron Casting
23:49 Chain Barding Armor
23:33 Heavy Plow
24:02 Bow Saw
26:22 Husbandry
27:44 Wheelbarrow
28:52 Gold Shaft Mining
30:34 Hand Cart
33:58 Fletching
33:41 Light Cavalry
36:33 Bodkin Arrow
39:44 Imperial Age
40:06 Hussar
40:44 Cavalier
42:58 Plate Barding Armor
43:23 Blast Furnace
42:26 Bracer
42:26 Padded Archer Armor
42:20 Town Watch
42:58 Conscription
42:41 Marauders
42:11 Paladin
46:34 Town Patrol
53:14 Elite Tarkan
58:12 Two-Man Saw
Ace
3:25 Loom
13:01 Feudal Age
14:48 Double-Bit Axe
17:25 Castle Age
16:16 Horse Collar
20:47 Pikeman
21:41 Bow Saw
21:40 Fishing Lines
31:03 Wheelbarrow
33:48 Imperial Age
33:36 Hand Cart
33:24 Heavy Plow
33:29 Scale Mail Armor
33:39 Forging
33:52 Ballistics
34:33 Chemistry
33:43 Fortified Wall
33:29 Murder Holes
35:12 Chain Mail Armor
34:20 Halberdier
35:00 Squires
34:46 Arson
35:27 Gillnets
35:36 Elite Hussite Wagon
36:38 Conscription
36:27 Wagenburg Tactics
38:02 Houfnice
40:11 Two-Man Saw
42:35 Plate Mail Armor
42:40 Iron Casting
52:26 Caravan
Connection lost

Rejoining the realm…

Still unreachable

The connection could not be restored.

Session expired

The server has moved on; the page needs a fresh start.